 Dungeon Crawl Stone Soup version 0.30.0-30-g96aa6591b8 (webtiles) character file.

Game seed: 9003657700701962210

908 cheesebisquit the Trooper (level 8, -2/61 HPs)
             Began as a Djinni Ice Elementalist on June 28, 2023.
             Killed by miscasting Summon Ice Beast (18 damage)
             ... on level 6 of the Dungeon.
             The game lasted 00:12:14 (4791 turns).

cheesebisquit the Trooper (Djinni Ice Elementalist) Turns: 4791, Time: 00:12:15

Health: -2/61      AC: 13    Str:  7    XL:     8   Next: 29%
Gold:   329        EV: 17    Int: 19    God:
                   SH:  0    Dex: 14

rFire   + + .        v - +2 sling (flame)
rCold   x . .        (no shield)
rNeg    . . .        i - +1 robe of Inticui {rPois Slay+5}
rPois   ∞            k - +2 helmet
rElec   .            (no cloak)
rCorr   .            (no gloves)
SInv    .            (boots unavailable)
Will    .....        (no amulet)
Stlth   ++           h - +5 ring of evasion
HPRegen 0.30/turn    (no ring)
MPRegen 0.00/turn

%: infuse magic (-3 HP)
@: ice-armoured, flying, very slightly contaminated
A: sickness immunity, fire resistance 2, cold vulnerability 1, float, innate
caster, HP casting, extra vitality 1
a: no special abilities


You were on level 6 of the Dungeon.
You visited 1 branch of the dungeon, and saw 6 of its levels.

You collected 329 gold pieces.

Inventory:

Hand Weapons
 v - a +2 sling of flaming (weapon)
Missiles
 d - a throwing net
Armour
 i - the +1 robe of Inticui (worn) {rPois Slay+5}
   (You found it on level 2 of the Dungeon)

   Slay:      It affects your accuracy & damage with ranged weapons and melee
   (+5).
   rPois:     It protects you from poison.
 k - a +2 helmet (worn)
Jewellery
 g - an amulet of regeneration
 h - a +5 ring of evasion (left hand)
 s - a ring of positive energy
 x - an amulet of faith
Wands
 y - a wand of paralysis (11)
Scrolls
 c - 2 scrolls of identify
 f - 2 scrolls of brand weapon {unknown}
 j - 3 scrolls of noise {unknown}
 m - 2 scrolls of teleportation {unknown}
 o - a scroll of magic mapping {unknown}
 r - a scroll of fear {unknown}
 u - a scroll of enchant weapon {unknown}
Potions
 a - 2 potions of curing
 b - 2 potions of mutation
 e - 3 potions of heal wounds {unknown}
 l - 2 potions of lignification
 n - a potion of berserk rage {unknown}
 p - 2 potions of brilliance {unknown}
 q - a potion of flight {unknown}
 t - a potion of magic {unknown}
 w - a potion of invisibility {unknown}


   Skills:
 + Level 6.1 Fighting
 - Level 2.1 Dodging
 - Level 1.5 Stealth
 + Level 5.9 Spellcasting


You knew the following spells:

 Your Spells              Type           Power      Damage    Failure   Level
a - Freeze                Ice            100%       1d10      1%          1
b - Frozen Ramparts       Ice            56%        1d9       3%          3
c - Ozocubu's Armour      Ice            28%        N/A       3%          3
d - Summon Ice Beast      Ice/Summ       28%        N/A       10%         4
e - Slow                  Hex            100%       N/A       1%          1
f - Lesser Beckoning      Tloc           56%        N/A       1%          2
g - Momentum Strike       Conj/Tloc      56%        3d9       1%          2
Your spell library was empty.

Dungeon Overview and Level Annotations

Branches:
Dungeon (6/15)
 Temple: D:4-7

Altars:
Okawaru
Qazlal
Wu Jian
The Shining One

Shops:
D:5 *   D:6 *

Annotations:
D:4 3 runed translucent doors, notrotatoenough's ghost, amateur DsFi
D:5 2 transporters, Croix's ghost, weakling DsBe


Innate Abilities, Weirdness & Mutations

You are immune to sickness and miasma.
You are immune to poison.
Your flesh is very heat resistant. (rF++)
You are vulnerable to cold. (rC-)
You float through the air rather than walking.
You learn spells naturally, not from books.
Your magical power is your life essence.
You have superior vitality. (+4 MHP)


Message History

You hear a shout!
You shoot a sling bullet. The sling bullet hits the orc!
The sling bullet burns the orc.
You kill the orc!
The centaur shoots an arrow.
The arrow hits you.
A gnoll comes into view. It is wielding a +0 whip.
The centaur shoots an arrow.
The arrow hits you!
You shoot a sling bullet.
The sling bullet closely misses the orc.
The centaur shoots an arrow.
The arrow hits you.
The centaur shoots an arrow.
The arrow hits you.
You hear a shout!
You shoot a sling bullet. The sling bullet barely misses the orc.
The orc barely misses you. The orc misses you.
A gnoll comes into view. It is wielding a +0 spear.
The orc barely misses you. The orc completely misses you.
You shoot a sling bullet.
The sling bullet closely misses the orc.
The gnoll shouts!
The centaur shoots an arrow.
The arrow completely misses you.
A gnoll comes into view. It is wielding a +0 flail.
The orc completely misses you. The orc hits you with a +0 hand axe.
You hear a shout!
You shoot a sling bullet.
The sling bullet closely misses the orc.
The centaur shoots an arrow.
The arrow closely misses you. The orc misses you.
The orc hits you with a +0 hand axe.
The centaur shoots an arrow.
The arrow hits you.
Casting: Freeze (safe; 1% risk of failure)
Confirm with . or Enter, or press ? or * to list all spells.
A film of ice covers your body!
The centaur shoots an arrow.
The arrow completely misses you. The orc hits you with a +0 hand axe.
The orc barely misses you.
A gnoll bouda comes into view. It is wielding a +0 whip.
Casting: Ozocubu's Armour (dangerous; 3% risk of failure)
Confirm with . or Enter, or press ? or * to list all spells.
You miscast Summon Ice Beast.
You are very lightly contaminated with residual magic.
You are encased in ice!!
You feel a terrible chill!
You die...

## ..###.#..##♣. ..##..#
#..##.#.....
.....###..........#♣
##.##..#......#....P♣
...#.........#...#♣.
#...........#...#..
#...........#..#..♣
##.###o........#.......♣
#..$..o@.....#.#.#.....♣
#...)..g............#.♣.
#........#########..#P♣§
....).c... .....P.§
.......g... #######.§
........g..# #♣♣
......(..... ♣§
#######..g... #♣ #.. #.


You could see a centaur, a gnoll bouda, 3 gnolls and 2 orcs.

Vanquished Creatures
  A black bear (D:2)
  A phantom (D:4)
  A kobold brigand (D:6)
  3 scorpions
  2 jellies
  5 hounds
  A sleepcap (D:5)
  3 iguanas
  3 adders
  6 gnolls (D:6)
  3 river rats (D:6)
  A shadow imp (D:6)
  A worm (D:4)
  A dart slug (D:3)
  4 orcs
  6 bats
  8 endoplasms
  4 giant cockroaches
  5 goblins
  3 hobgoblins (D:1)
  8 jackals
  4 ball pythons
  3 frilled lizards
  3 kobolds
  4 rats
84 creatures vanquished.

Notes
Turn   | Place    | Note
-------+----------+-------------------------------------------
     0 | D:1      | cheesebisquit the Djinni Ice Elementalist began the quest
                  | for the Orb.
     0 | D:1      | cheesebisquit set off with the following spells memorised:
                  | Freeze, Frozen Ramparts, Ozocubu's Armour, Summon Ice
                  | Beast.
     0 | D:1      | Reached XP level 1. HP: 15/15 MP: 0/0
   227 | D:1      | Reached skill level 1 in Fighting
   227 | D:1      | Reached XP level 2. HP: 21/22 MP: 0/0
   706 | D:1      | Reached XP level 3. HP: 26/27 MP: 0/0
   706 | D:1      | Learned a level 1 spell: Slow
  1083 | D:2      | Noticed a black bear
  1092 | D:2      | Killed a black bear
  1093 | D:2      | Reached skill level 2 in Fighting
  1093 | D:2      | Reached XP level 4. HP: 20/34 MP: 0/0
  1093 | D:2      | Reached XP level 5. HP: 23/40 MP: 0/0
  1093 | D:2      | Learned a level 2 spell: Lesser Beckoning
  1169 | D:2      | Reached skill level 3 in Fighting
  1205 | D:2      | Identified the +1 robe of Inticui {rPois Slay+5}
  2750 | D:4      | Reached XP level 6. HP: 44/47 MP: 0/0
  2997 | D:4      | Reached skill level 4 in Fighting
  3022 | D:4      | Found a glowing golden altar of the Shining One.
  3143 | D:4      | Found a runed translucent gate.
  3143 | D:4      | Found a runed translucent gate.
  3143 | D:4      | Noticed notrotatoenough's ghost (amateur DsFi)
  3144 | D:4      | Found a runed translucent gate.
  3145 | D:4      | Identified the +2 dagger "Kitu" {pain, rC+}
  3145 | D:4      | Identified the +2 scale mail of Tutige {Int+3}
  3254 | D:4      | Found an iron altar of Okawaru.
  3364 | D:4      | Reached XP level 7. HP: 52/53 MP: 0/0
  3364 | D:4      | Learned a level 2 spell: Momentum Strike
  3573 | D:5      | Entered Level 5 of the Dungeon
  3623 | D:5      | Reached skill level 5 in Spellcasting
  3821 | D:5      | Found Firump's Fabulous Fripperies.
  3858 | D:5      | Reached skill level 5 in Fighting
  3978 | D:5      | Noticed Croix's ghost (weakling DsBe)
  3979 | D:5      | Found a transporter.
  3984 | D:5      | Found a transporter.
  4311 | D:6      | Reached XP level 8. HP: 60/60 MP: 0/0
  4315 | D:6      | Found Gomantag's Elemental Accessories.
  4674 | D:6      | Reached skill level 6 in Fighting
  4680 | D:6      | Found an ornate altar of the Wu Jian Council.
  4682 | D:6      | Found a stormy altar of Qazlal.
  4791 | D:6      | Killed by miscasting Summon Ice Beast

Illustrated notes

Levels and vault maps discovered:
D:1:      amcnicky_arrival_double_pillar, layout_loops_corners
D:2:      layout_basic
D:3:      layout_basic
D:4:      layout_loops_ring, nicolae_tso_carved_into_rock, okawaru_gym_becter,
          biasface_ghost_orc_armoury
D:5:      layout_basic, mainiacjoe_overflow_catwalk, serial_corexii_hall,
          corexii_hall_statues_l, chequers_hall_statues_y,
          gammafunk_ghost_smash, nicolae_alphabet_shops
D:6:      wad_woods_tower, layout_basic, nicolae_dithmenos_shadow_blocks,
          jmf_multi_god_temple, nicolae_elemental_shop, uniq_menkaure

Skill      XL: |  1  2  3  4  5  6  7  8 |
---------------+-------------------------+-----
Fighting       | 1 2 3 4 5 6 |  6.1
Spellcasting   | 4 5 |  5.9
Dodging        | |  2.1
Stealth        | |  1.5

Action                     |  1- 3 |  4- 6 |  7- 9 || total
---------------------------+-------+-------+-------++-------
  Melee: Unarmed           |     8 |     1 |       ||     9
         Trident           |       |    15 |     1 ||    16
   Fire: Sling             |       |       |    70 ||    70
   Cast: Freeze            |    34 |    55 |     6 ||    95
         Ozocubu's Armour  |     1 |       |     2 ||     3
         Frozen Ramparts   |     1 |       |     1 ||     2
         Momentum Strike   |       |       |     3 ||     3
    Use: Scroll            |       |     5 |     1 ||     6
   Stab: Sleeping          |       |     2 |       ||     2
 Armour: Robe              |    12 |    13 |     9 ||    34
  Dodge: Dodged            |    13 |    29 |    45 ||    87
